AoeStats
← Prometheus

Golden Pit

510143270Analyzed
1v1 RM · 2d ago on Sep 29, 2026· 20m 54s· 2 players
Game mode
Random Map
Map size
Tiny (2 player)
Population
200
Speed
Normal
Resources
Standard
Victory
Conquest
Starting age
Dark Age
Ending age
Imperial Age
RankedLock teamsTeams togetherTeam positionsShared explorationLock speedFull tech treeHidden civsTurbo modeCheats
Victory
Defeat
🇪🇸 Byzantines · Spain
976
+18
🇬🇧 Turks · United Kingdom
1009
-18
LuisVilli5943
10:17 Feudal Age
8:33 Loom
11:11 Double-Bit Axe
13:33 Fletching
15:22 Padded Archer Armor
16:14 Wheelbarrow
18:16 Horse Collar
18:57 Arson
Prometheus
11:11 Feudal Age
12:26 Loom
15:36 Scale Barding Armor
16:51 Forging
17:02 Double-Bit Axe
22:14 Castle Age
Connection lost

Rejoining the realm…

Still unreachable

The connection could not be restored.

Session expired

The server has moved on; the page needs a fresh start.